 Dungeon Crawl Stone Soup version 0.28-a0-1339-ga5422284a4 (webtiles) character file.

Game seed: 6253663103786221098

7 SensoryNuts the Skirmisher (level 1, -2/18 HPs)
             Began as a Demonspawn Fighter on Dec 28, 2021.
             Slain by a kobold (3 damage)
             ... on level 1 of the Dungeon.
             The game lasted 00:00:14 (148 turns).

SensoryNuts the Skirmisher (Demonspawn Fighter)      Turns: 148, Time: 00:00:15

Health: -2/18      AC:  6    Str: 16    XL:     1   Next: 83%
Magic:  1/1        EV:  9    Int:  9    God:
Gold:   25         SH:  4    Dex: 12    Spells: 0/0 levels left

rFire   . . .      SeeInvis .   a - +0 long sword
rCold   . . .      Faith    .   c - +0 buckler
rNeg    . . .      Spirit   .   b - +0 scale mail
rPois   .          Reflect  .   (no helmet)
rElec   .          Harm     .   (no cloak)
rCorr   .          Rampage  .   (no gloves)
Will    .....                   (no boots)
Stlth   ..........              (no amulet)
HPRegen 0.06/turn               (no ring)
MPRegen 0.07/turn               (no ring)

@: mighty
A: no striking features
a: no special abilities


You were on level 1 of the Dungeon.
You visited 1 branch of the dungeon, and saw 1 of its levels.

You collected 25 gold pieces.

Inventory:

Hand Weapons
 a - a +0 long sword (weapon)
Armour
 b - a +0 scale mail (worn)
 c - a +0 buckler (worn)


   Skills:
 + Level 3.2 Fighting
 + Level 1.9 Long Blades
 + Level 2.8 Armour
 + Level 2.7 Shields


You couldn't memorise any spells.
You didn't know any spells.
Your spell library was empty.

Dungeon Overview and Level Annotations

Branches:
Dungeon (1/15)

Altars:


Message History

You are too injured to fight recklessly!
You are too injured to fight recklessly!
You are too injured to fight recklessly!
You are too injured to fight recklessly!
You are too injured to fight recklessly!
You are too injured to fight recklessly!
You are too injured to fight recklessly!
You are too injured to fight recklessly!
You are too injured to fight recklessly!
You are too injured to fight recklessly!
The quokka completely misses you.
A bat comes into view.
The quokka bites you but does no damage.
You hit the kobold.
You kill the kobold!
The quokka bites you but does no damage.
The kobold hits you but does no damage.
The kobold hits you with a +0 short sword.
* * * LOW HITPOINT WARNING * * *
You see here a +0 short sword.
The quokka bites you but does no damage.
The quokka bites you.
* * * LOW HITPOINT WARNING * * *
The bat hits you but does no damage. The kobold hits you but does no damage.
The quokka bites you.
* * * LOW HITPOINT WARNING * * *
The kobold hits you with a +0 short sword.
* * * LOW HITPOINT WARNING * * *
The quokka bites you but does no damage.
The quokka barely misses you.
Okay, then.
Okay, then.
You aren't carrying any scrolls.
You feel very mighty all of a sudden. The kobold hits you but does no damage.
You closely miss the kobold. The kobold closely misses you.
The kobold barely misses you.
You completely miss the kobold.
The kobold hits you with a +0 short sword.
You die...

####### ##.....## #..
##.......## #### #.....
#.........###... #.....
#............... #.....
#.........###... #....#
######.........# ###.
#....###rbK@..........# ##.
#.......g####.........####..
##......## #..............#
....#..).# #.........######
..# #..#### ############ .
#.....# ...........# ##
#...### ♣..).....<.# ...
#)..# ...........#....
......# #####.>.####....


You could see a quokka, a hobgoblin, a bat and a kobold.

Vanquished Creatures
  An endoplasm (D:1)
  A hobgoblin (D:1)
  2 kobolds (D:1)
  A ball python (D:1)
  2 rats (D:1)
7 creatures vanquished.

Notes
Turn   | Place    | Note
-------+----------+-------------------------------------------
     0 | D:1      | SensoryNuts the Demonspawn Fighter began the quest for the
                  | Orb.
     0 | D:1      | Reached XP level 1. HP: 18/18 MP: 1/1
   148 | D:1      | Slain by a kobold

Illustrated notes

Levels and vault maps discovered:
D:1:      amcnicky_arrival_blooded_trapdoor, layout_rooms,
          hellmonk_ecumenical_altar_inner_sanctum, minmay_box_of_dots

Action                   || total
-------------------------++-------
Melee: Long sword        ||    23
  Use: Potion            ||     1
Armor: Scale mail        ||    21
Dodge: Dodged            ||    14
Block: Buckler           ||     5

Table legend: (Time is in decaauts)
 A = Elapsed time spent in this place.
 B = Non-inter-level travel time spent in this place.
 C = Inter-level travel time spent in this place.
 D = Time resting spent in this place.
 E = Time spent auto-exploring this place.
 F = Levels seen in this place.
 G = Mean time per level.
                   A        B        C        D        E       F      G
               +--------+--------+--------+--------+--------+-----+--------+
         Total |    155 |    155 |      0 |      0 |     98 |   1 |  155.0 |
       Dungeon |    155 |    155 |      0 |      0 |     98 |   1 |  155.0 |
               +--------+--------+--------+--------+--------+-----+--------+

Top non-repeatable levels by time:
     D:1: 155 daAuts
